 Dungeon Crawl Stone Soup version 0.19.5 (webtiles) character file.

101 Goboxel the Chopper (level 4, -1/34 HPs)
             Began as a Demonspawn Gladiator on Apr 5, 2017.
             Slain by a centaur (4 damage)
             ... on level 3 of the Dungeon.
             The game lasted 00:02:13 (1281 turns).

Goboxel the Chopper (Demonspawn Gladiator)          Turns: 1281, Time: 00:02:14

Health: -1/34      AC:  7    Str: 16    XL:     4   Next: 48%
Magic:  4/4        EV: 13    Int:  9    God:
Gold:   112        SH:  4    Dex: 14    Spells: 0 memorised, 3 levels left

rFire  . . .     SeeInvis .     s - +2 hand axe (distort)
rCold  + . .     Gourm    .     i - +2 robe {rC+}
rNeg   . . .     Faith    .     k - +0 buckler
rPois  .         Spirit   .     (helmet restricted)
rElec  .         Reflect  .     n - +0 cloak
rCorr  .         Harm     .     (no gloves)
MR     .....                    (no boots)
Stlth  +.........               (no amulet)
                                (no ring)
                                (no ring)

@: no status effects
A: horns 1, thin metallic scales 1, spiny 1
a: no special abilities


You were on level 3 of the Dungeon.
You were not hungry.

You visited 1 branch of the dungeon, and saw 3 of its levels.

You collected 112 gold pieces.

Inventory:

Hand Weapons
 a - a +0 war axe
 b - a +0 spear of venom
 s - a +2 hand axe of distortion (weapon)
Missiles
 d - 5 throwing nets (quivered)
Armour
 c - a +0 helmet
 i - a +2 robe of cold resistance (worn)
 k - a +0 buckler (worn)
 n - a +0 cloak (worn)
Jewellery
 j - an uncursed amulet of rage {unknown}
Scrolls
 l - a scroll of recharging {unknown}
 m - 2 scrolls of identify {unknown}
 p - a scroll of immolation {unknown}
 q - a scroll of fog {unknown}
 r - a scroll of remove curse {unknown}
 t - a scroll of magic mapping {unknown}
 x - a scroll of blinking {unknown}
Potions
 e - a potion of cure mutation {unknown}
 g - 2 potions of haste {unknown}
 h - a potion of heal wounds {unknown}
 o - a potion of agility {unknown}
 u - 2 potions of curing {unknown}
 v - a potion of brilliance {unknown}
 w - 2 potions of degeneration {unknown}
Comestibles
 f - 2 bread rations


   Skills:
 + Level 2.4 Fighting
 + Level 3.9 Axes
 - Level 1.7 Throwing
 + Level 0.3 Armour
 + Level 3.3 Dodging
 + Level 0.8 Shields


You had 3 spell levels left.
You didn't know any spells.

Dungeon Overview and Level Annotations

Branches:
Dungeon (3/15)

Altars:


Innate Abilities, Weirdness & Mutations

You have a pair of small horns on your head.
You are partially covered in thin metallic scales. (AC +2)
You are partially covered in sharp spines.


Message History

The centaur shouts!
The centaur wields a shortbow.
The centaur shoots an arrow.
The arrow hits you.
You see here an arrow.
The centaur shoots an arrow.
The arrow closely misses you.
The centaur shoots an arrow.
You block the arrow.
You see here an arrow.
The centaur shoots an arrow.
The arrow hits you!
* * * LOW HITPOINT WARNING * * *
You see here an arrow.
The centaur shoots an arrow.
The arrow hits you.
* * * LOW HITPOINT WARNING * * *
The centaur shoots an arrow.
The arrow hits you.
* * * LOW HITPOINT WARNING * * *
You see here 2 arrows.
The centaur unwields an uncursed shortbow.
The centaur closely misses you.
You hit the centaur but do no damage.
Space bends around the centaur.
The centaur is moderately wounded.
The centaur is struck by your spines. The centaur hits you.
You die...

#### #.. #c#
#@# #(# # #(#
###≈ #(# #.)
##(## #.#
###...####.#
#...().....#
#..#####....#
#.. #.##.#


You could see a centaur.

Vanquished Creatures
  4 gnolls (D:3)
  3 adders (D:2)
  A worm (D:2)
  A dart slug (D:2)
  A ball python (D:1)
  4 giant cockroaches
  3 goblins (D:2)
  2 hobgoblins (D:2)
  2 jackals (D:2)
  2 kobolds
  5 frilled lizards
  4 rats
32 creatures vanquished.

Notes
Turn   | Place    | Note
-------+----------+-------------------------------------------
     0 | D:1      | Goboxel the Demonspawn Gladiator began the quest for the Orb.
     0 | D:1      | Reached XP level 1. HP: 16/16 MP: 1/1
   456 | D:1      | Gained mutation: You are partially covered in thin metallic scales. (AC +2) [demonic ancestry]
   456 | D:1      | Reached XP level 2. HP: 19/22 MP: 2/2
   770 | D:2      | Gained mutation: You have a pair of small horns on your head. [demonic ancestry]
   770 | D:2      | Reached XP level 3. HP: 27/27 MP: 3/3
  1239 | D:3      | Gained mutation: You are partially covered in sharp spines. [demonic ancestry]
  1239 | D:3      | Reached XP level 4. HP: 34/34 MP: 4/4
  1275 | D:3      | Noticed a centaur
  1281 | D:3      | Slain by a centaur

Skill      XL: |  1  2 |
---------------+-------+-----
Dodging        | 3 |  3.3
Axes           | 3 |  3.9
Fighting       | |  2.4
Throwing       | |  1.7
Armour         | |  0.3
Shields        | |  0.8

Action                   |  1- 3 |  4- 6 || total
-------------------------+-------+-------++-------
Melee: War axe           |    61 |       ||    61
       Hand axe          |    12 |     9 ||    21
       Headbutt          |     1 |     1 ||     2
 Stab: Sleeping          |     1 |       ||     1
  Eat: Chunk             |     1 |       ||     1
Armor: Leather armour    |     5 |       ||     5
       Robe              |    22 |     1 ||    23
Dodge: Dodged            |    41 |     9 ||    50
Block: Buckler           |     7 |     1 ||     8
